Introsp3ctive, lawful male human Samurai ----- --------- |<..-- ------.......-- ------- --------------- |.....- |.........--..| |.....| ------- |.............| -..|... |.---------|..| |.(_..| |>....| --.---.--.----|| --.|-.....---- ---- |.....| ------ --....|--- |..|...|-.|.-..| ---.........|--- ---- ---|--- |..-.| ---..|..---|..|--.-..--|..| --.|....|..----...-- |.| |.%|.| --|-.....-|--........--|| -----..|....|.....-- |.| |..|.|--- -......--................| ------ ..|.............---.-- ---|.-..| .....(.-|..--------|--..-- |`%%!| -......---...........----- |.|..| ...{....|--|.........|..-- ....| |........|...|...........---|.|..| -.......| |+?[%*)%!%|...| -|- ----.....-..........-......-|.|------....--| -----------...| ------.---.. ...-|......-...| .---...|.--..|...|....|------ |.......-- |..|-........ |..--...............-....|........---...-|.(((| |.------- |..-.%..............|...|........|..........--....--I..-.(((| |.|...| -----.....{....... ...............|...`.......|-...|...-|.(((| |.|... |.%............-.#..|...------............--..|.)......|------ |.--|------- ||-----..........*......|.(.(|##--.......-----|...|..I.|--------.....|....| |%..| --..---...-#......%.(((| # --...--- --..|..@--......|...{..(..-+| |...| ---- ** ......|.(((| ---- --- -.....----........|).|(| ----- ------ ------ --------------- Introsp3ctive the Ninja Experience level: 8 Strength: 18/01 Dexterity: 14 Constitution: 18 Intelligence: 10 Wisdom: 8 Charisma: 6 Health: 0(86) Energy: 31(31) AC: 3 Gold: 799 Moves: 5059 Your Inventory: Coins $ - 799 gold pieces Amulets h - a cursed oval amulet [of strangulation] Weapons b - an uncursed +3 wakizashi d - 25 uncursed +0 ya (in quiver) Armor e - an uncursed rustproof +0 splint mail D - an [uncursed] +0 pair of high boots (being worn) H - an uncursed [+0] dwarvish iron helm S - a [blessed] greased +0 lindworm scale mail [magic dragon scale mail] (being worn) Potions E - an uncursed clear potion [of water] Wands l - an uncursed orichalcum wand [of locking (0:8)] Tools n - an uncursed [oil] lamp named possibly magic <<3075>> (0:1061) (weapon in hand) p - an uncursed leash y - an uncursed bell G - an uncursed credit card M - an uncursed key [skeleton key] Gems u - a cursed gray stone named <> [loadstone] Spells known in the end: Name Level Category Fail Memory Your skills at the end: Fighting Skills martial arts [Basic / Master] body armor [Basic / Expert] Weapon Skills short sword [Skilled / Expert] long sword [Basic / Expert] bow [Basic / Expert] Spellcasting Skills Final Attributes: You were piously aligned. Hunger level was 78. Your alignment was 34 / 35. Monster difficulty range was 1 - 7. Level difficulty was 6. You were magic-protected. You were blinded. You were fast. Your luck was zero. You are dead. Vanquished creatures: a small mimic a giant beetle a leprechaun an iron piercer 2 brown puddings 3 lizards 2 dogs a dust vortex a rope golem a bugbear a wood nymph 2 orc shamans 2 rock piercers a rock mole a pony 2 yellow lights 11 gnome lords 2 gnomish wizards a red naga hatchling 2 ghouls a wax golem 3 dwarves a homunculus a kobold lord a rothe a centipede 2 giant bats a monkey a dwarf zombie 3 iguanas 5 killer bees an acid blob 2 hobbits a hobgoblin a brown mold 42 gnomes 5 garter snakes 6 gnome zombies 2 geckos 7 jackals 4 sewer rats 3 grid bugs 6 lichens a kobold zombie a newt 141 creatures vanquished. Voluntary challenges: You used a wielded weapon 155 times. You read items or engraved 3 times. You put on armor 4 times. You never genocided any monsters. You never polymorphed an object. You never changed form. You used 2 wishes. You used 2 wishes for magical items. You did not wish for any artifacts. You never wrote Elbereth's name. You never encountered a bones level. You never used any Sokoban shortcuts. Dungeon overview: The Dungeons of Doom: levels 1 to 7 Level 1 some fountains a long staircase Level 2 a fountain, a sink stairs to The Gnomish Mines Level 3 a general store, a fountain The Gnomish Mines: levels 3 to 6 Level 3 stairs to The Dungeons of Doom Level 6 <- You were here many shops, a temple, a magic chest, some fountains History has recorded: On T:1 you entered the Dungeons of Doom to retrieve the Amulet of Yendor! On T:280 you reached level 2 of The Dungeons of Doom. On T:306 you reached level 1 of The Gnomish Mines. On T:345 you advanced to experience level 2. On T:452 you advanced to experience level 3. On T:487 you reached level 3 of The Dungeons of Doom. On T:904 you advanced to experience level 4. On T:929 you reached level 4 of The Dungeons of Doom. On T:1100 you reached level 5 of The Dungeons of Doom. On T:1281 you advanced to experience level 5. On T:1484 you reached level 6 of The Dungeons of Doom. On T:1694 you advanced to experience level 6. On T:2203 you reached level 7 of The Dungeons of Doom. On T:2348 you advanced to experience level 7. On T:3355 you reached level 2 of The Gnomish Mines. On T:3395 you advanced to experience level 8. On T:3646 you reached level 3 of The Gnomish Mines. On T:3916 you reached level 4 of The Gnomish Mines. On T:4869 you wished for "blessed greased +2 dragon scale mail". On T:4881 you wished for "2 blessed scrolls of charging". Latest messages: It hits! [HP-7=39] [2 turns] Pick an object. A remembered, unseen, creature on a dark part of a room. It hits! [HP-5=34] [HP+1=35] Wait! There's something there you can't see! It hits! [HP-8=27] You begin bashing monsters with your lamp named possibly magic <<3075>>. You hit it. It hits! [HP-6=21] You don't know any spells right now. You miss it. It hits! [HP-10=11] You miss it. It hits! You die... Final status: Sayonara Introsp3ctive the Samurai... You died in The Gnomish Mines on dungeon level 6 with 1020 points, and 799 pieces of gold, after 5059 moves. You were level 8 with a maximum of 86 hit points when you died.